 Dungeon Crawl Stone Soup version 0.30.1-3-gfc49f6343a (webtiles) character file.

Game seed: 18254941862280913297

15 Wiggles the Chopper (level 2, -1/27 HPs)
             Began as a Minotaur Berserker on Aug 8, 2023.
             Was a Follower of Trog.
             Succumbed to a goblin's poison
             ... on level 1 of the Dungeon.
             The game lasted 00:00:55 (574 turns).

Wiggles the Chopper (Minotaur Berserker)             Turns: 574, Time: 00:00:55

Health: -1/27      AC:  4    Str: 21    XL:     2   Next: 34%
Magic:  1/1        EV: 11    Int:  4    God:    Trog [*.....]
Gold:   48         SH:  0    Dex:  9    Spells: 1/1 levels left

rFire   . . .        a - +0 hand axe
rCold   . . .        (no shield)
rNeg    . . .        g - +0 leather armour
rPois   .            (helmet restricted)
rElec   .            (no cloak)
rCorr   .            c - +0 pair of gloves
SInv    .            (no boots)
Will    .....        (no amulet)
Stlth   +            (no ring)
HPRegen 0.24/turn    (no ring)
MPRegen 0.07/turn

%: no passive effects
@: lethally poisoned (-1 -> -28)
A: horns 2, retaliatory headbutt
a: Renounce Religion, Berserk


You were on level 1 of the Dungeon.
You worshipped Trog.
Trog was aware of your devotion.
You visited 1 branch of the dungeon, and saw 1 of its levels.

You collected 48 gold pieces.

Inventory:

Hand Weapons
 a - a +0 hand axe (weapon)
Armour
 c - a +0 pair of gloves (worn)
 g - a +0 leather armour (worn)
Scrolls
 b - a scroll of teleportation {unknown}
 d - a scroll of silence {unknown}
 f - a scroll of vulnerability {unknown}
Potions
 e - 2 potions of magic {unknown}


   Skills:
 + Level 3.9 Fighting
 + Level 4.0 Axes
 + Level 2.6 Armour
 + Level 2.4 Dodging


You had one spell level left.
You didn't know any spells.
Your spell library was empty.

Dungeon Overview and Level Annotations

Branches:
Dungeon (1/15)

Altars:


Innate Abilities, Weirdness & Mutations

You have a pair of horns on your head.
You reflexively headbutt those who attack you in melee.


Message History

The hobgoblin is severely wounded.
The hobgoblin barely misses you. You furiously retaliate!
You headbutt the hobgoblin!
You kill the hobgoblin!
Trog accepts your kill.
No target in view!
No target in view!
Found 2 stones.
There is a stone staircase leading down here.
There is a shaft here.
As you open the door, it creaks loudly!
You now have 48 gold pieces (gained 12).
e - 2 ruby potions (gained 1)
There is a stone staircase leading down here.
You open the door.
A goblin comes into view. It is wielding a +2 dagger of venom.
A goblin is nearby!
There is an open door here.
You closely miss the goblin. Your headbutt misses the goblin.
The goblin hits you with a +2 dagger of venom.
You are poisoned.
You barely miss the goblin.
You feel very sick.
The goblin hits you with a +2 dagger of venom.
You are lethally poisoned!
You are too injured to fight recklessly!
You are too injured to fight recklessly!
You closely miss the goblin. Your headbutt misses the goblin.
You feel very sick.
The goblin hits you with a +2 dagger of venom.
You are more poisoned.
You barely miss the goblin. Your headbutt misses the goblin.
* * * LOW HITPOINT WARNING * * *
You feel very sick. The goblin hits you but does no damage.
You are more poisoned.
You hit the goblin.
You kill the goblin!
Trog accepts your kill.
You die...

........## #.##....##.#.
...........#.# #.##.....
....##+### #.# ...# #.......# ##
#.###.#.####.......# #. .......
.#.........# ##. #.###.#
#.#....)..# #####.. .....
.......@..# ##...... ...##
#.#####'### ##..##... ..... #.#
#####..###... ##..#.
.#.#####.####.....## #...
###...#..........##...########...
...#.......#####.##...........###
##......... #.#............# ..#
#.....# #.#............#
#####.....######.#............###


There were no monsters in sight!

Vanquished Creatures
  An endoplasm (D:1)
  2 goblins (D:1)
  2 hobgoblins (D:1)
  2 kobolds (D:1)
  3 bats (D:1)
  2 frilled lizards (D:1)
  4 rats (D:1)
16 creatures vanquished.

Notes
Turn   | Place    | Note
-------+----------+-------------------------------------------
     0 | D:1      | Wiggles the Minotaur Berserker began the quest for the Orb.
     0 | D:1      | Reached XP level 1. HP: 19/19 MP: 0/0
   328 | D:1      | Reached XP level 2. HP: 27/27 MP: 1/1
   339 | D:1      | Reached skill level 4 in Axes
   574 | D:1      | Succumbed to a goblin's poison

Illustrated notes

Levels and vault maps discovered:
D:1:      lemuel_arrival_behind_the_door_large, layout_basic,
          minmay_misc_feat_square

Skill      XL: |  1  2 |
---------------+-------+-----
Axes           | 4 |  4.0
Fighting       | |  3.9
Armour         | |  2.6
Dodging        | |  2.4

Action                     || total
---------------------------++-------
  Melee: Hand axe          ||    31
         Headbutt          ||     6
 Armour: Animal skin       ||    10
         Leather armour    ||     1
  Dodge: Dodged            ||    25
